| TOP OF THE 1ST |
|
St. Louis Cardinals batting - Pitching for Washington Nationals : RHP Danny Diaz
|
|
Pitching: RHP Danny Diaz
|
|
|
Batting: RHB Mike Bates
|
0-0: Ball 1-0: Ground out 5-3 (Groundball, 5, EV 106.9 MPH)
|
|
Batting: LHB Pat Sutton
|
0-0: Ball 1-0: Called Strike 1-1: Ball 2-1: Fly out, F2 (Popup, 5SF, EV 82.5 MPH)
|
|
Batting: SHB Harry Hoop
|
0-0: Ball 1-0: Ground out 6-3 (Groundball, P, EV 81.9 MPH)
|
| Top of the 1st over - 0 runs, 0 hits, 0 errors, 0 left on base; St. Louis 0 - Washington 0 |
| BOTTOM OF THE 1ST |
|
Washington Nationals batting - Pitching for St. Louis Cardinals : LHP John Fisher
|
|
Pitching: LHP John Fisher
|
|
|
Batting: RHB Hisayuki Akiyama
|
0-0: Called Strike 0-1: Foul Ball, location: 2F 0-2: Ball 1-2: Fly out, F8 (Flyball, 8RS, EV 88.1 MPH)
|
|
Batting: RHB Dusty Ballard
|
0-0: Ball 1-0: Foul Ball, location: 2F 1-1: Called Strike 1-2: Strikes out looking
|
|
Batting: RHB John Sanders
|
0-0: Ground out 4-3 (Groundball, 4, EV 93.8 MPH)
|
| Bottom of the 1st over - 0 runs, 0 hits, 0 errors, 0 left on base; St. Louis 0 - Washington 0 |
| TOP OF THE 2ND |
|
St. Louis Cardinals batting - Pitching for Washington Nationals : RHP Danny Diaz
|
|
Batting: LHB Armando Carbajal
|
0-0: Ball 1-0: Ball 2-0: Ball 3-0: Called Strike 3-1: Called Strike 3-2: Ground out U3 (Groundball, 34S, EV 85.6 MPH)
|
|
Batting: LHB Ichiro Toyota
|
0-0: Foul Ball, location: 2F 0-1: Ball 1-1: Reached on error, E3 (Groundball, 3D, EV 83.8 MPH)
|
|
Batting: RHB Jordan Diaz
|
0-0: Foul Ball, location: 2F 0-1: Ball 1-1: Foul Ball, location: 2F 1-2: Ball 2-2: Grounds into double play, 5-4-3 (Groundball, 5S, EV 81.9 MPH)
|
| Top of the 2nd over - 0 runs, 0 hits, 1 error, 0 left on base; St. Louis 0 - Washington 0 |
| BOTTOM OF THE 2ND |
|
Washington Nationals batting - Pitching for St. Louis Cardinals : LHP John Fisher
|
|
Batting: RHB Dave Vargas
|
0-0: Called Strike 0-1: Ball 1-1: Called Strike 1-2: Ball 2-2: Strikes out looking
|
|
Batting: LHB Bob Melley
|
0-0: Ball 1-0: Foul Ball, location: 2F 1-1: Ball 2-1: Ball 3-1: Foul Ball, location: 2F 3-2: Base on Balls
|
|
Batting: RHB Nate Dickinson
|
0-0: Foul Ball, location: 2F 0-1: Foul Ball, location: 2F 0-2: Ball 1-2: SINGLE (Line Drive, 6D, EV 94.4 MPH) Bob Melley to second
|
|
Batting: LHB Jae-ik Soung
|
0-0: Ball 1-0: Foul Ball, location: 2F 1-1: SINGLE (Line Drive, 7S, EV 111.9 MPH) Bob Melley to third Nate Dickinson to second
|
|
Batting: RHB Antonio Laurel
|
0-0: Ball 1-0: Ball 2-0: Called Strike 2-1: Swinging Strike 2-2: Ball 3-2: Foul Ball, location: 2F 3-2: Grounds into double play, 6-4-3 (Groundball, 6, EV 106.2 MPH)
|
| Bottom of the 2nd over - 0 runs, 2 hits, 0 errors, 2 left on base; St. Louis 0 - Washington 0 |
| TOP OF THE 3RD |
|
St. Louis Cardinals batting - Pitching for Washington Nationals : RHP Danny Diaz
|
|
Batting: SHB Chris Blue
|
0-0: Ball 1-0: Ball 2-0: Ground out 4-3 (Groundball, 4, EV 101.2 MPH)
|
|
Batting: RHB Danny Gallo
|
0-0: Ball 1-0: Ball 2-0: Called Strike 2-1: Foul Ball, location: 2F 2-2: Foul Ball, location: 2F 2-2: Ground out 5-3 (Groundball, 5, EV 76.9 MPH)
|
|
Batting: SHB Luke Robbins
|
0-0: Ball 1-0: Called Strike 1-1: Reached on error, E6 (Groundball, 6, EV 86.9 MPH)
|
|
Batting: RHB Mike Bates
|
0-0: Ball 1-0: Ball 2-0: Foul Ball, location: 2F 2-1: Foul Ball, location: 2F 2-2: Ball 3-2: Ground out 4-3 (Groundball, 34, EV 105.6 MPH)
|
| Top of the 3rd over - 0 runs, 0 hits, 1 error, 1 left on base; St. Louis 0 - Washington 0 |
| BOTTOM OF THE 3RD |
|
Washington Nationals batting - Pitching for St. Louis Cardinals : LHP John Fisher
|
|
Batting: RHB Jon Buscher
|
0-0: Foul Ball, location: 2F 0-1: Called Strike 0-2: Strikes out swinging
|
|
Batting: RHB Hisayuki Akiyama
|
0-0: Foul Ball, location: 2F 0-1: SINGLE (Line Drive, 8RS, EV 91.9 MPH)
|
|
Batting: RHB Dusty Ballard
|
0-0: Called Strike Hisayuki Akiyama steals 2nd base 0-1: Called Strike 0-2: Ball 1-2: Strikes out looking
|
|
Pitching: RHP Parker Warr
|
|
|
Batting: RHB John Sanders
|
0-0: Ball 1-0: Foul Ball, location: 2F 1-1: Called Strike 1-2: Ball 2-2: Fly out, F5 (Popup, 15, EV 68.1 MPH)
|
| Bottom of the 3rd over - 0 runs, 1 hit, 0 errors, 1 left on base; St. Louis 0 - Washington 0 |
| TOP OF THE 4TH |
|
St. Louis Cardinals batting - Pitching for Washington Nationals : RHP Danny Diaz
|
|
Batting: LHB Pat Sutton
|
0-0: Called Strike 0-1: Called Strike 0-2: Ball 1-2: Ball 2-2: Strikes out swinging
|
|
Batting: SHB Harry Hoop
|
0-0: Foul Ball, location: 2F 0-1: Ball 1-1: Foul Ball, location: 2F 1-2: Ball 2-2: SOLO HOME RUN (Flyball, 7LD, EV 96.2 MPH), Distance : 367 ft
|
|
Batting: LHB Armando Carbajal
|
0-0: Ball 1-0: Ball 2-0: SINGLE (Groundball, 4MD, EV 95.6 MPH)
|
|
Pitching: RHP Jamie Verberkmoes
|
|
|
Batting: LHB Ichiro Toyota
|
0-0: Ball 1-0: Foul Ball, location: 2F 1-1: Foul Ball, location: 2F 1-2: Ball 2-2: Strikes out looking
|
|
Batting: RHB Jordan Diaz
|
0-0: Fly out, F9 (Flyball, 89S, EV 83.8 MPH)
|
| Top of the 4th over - 1 run, 2 hits, 0 errors, 1 left on base; St. Louis 1 - Washington 0 |
| BOTTOM OF THE 4TH |
|
Washington Nationals batting - Pitching for St. Louis Cardinals : RHP Parker Warr
|
|
Batting: RHB Dave Vargas
|
0-0: Swinging Strike 0-1: Swinging Strike 0-2: Ball 1-2: SINGLE (Groundball, 6D, EV 94.4 MPH)
|
|
Batting: LHB Bob Melley
|
0-0: Ball 1-0: Ball Dave Vargas steals 2nd, throwing error, E2 Dave Vargas to third 2-0: Ball 3-0: Base on Balls
|
|
Batting: RHB Nate Dickinson
|
0-0: Ball 1-0: Called Strike 1-1: Called Strike 1-2: Ball 2-2: Foul Ball, location: 2F 2-2: Strikes out swinging
|
|
Batting: LHB Jae-ik Soung
|
0-0: Ball 1-0: Ball 2-0: Called Strike Bob Melley is caught stealing 2nd base 2-6 2-1: Ball 3-1: Fly out, F6 (Popup, 6D, EV 68.8 MPH)
|
| Bottom of the 4th over - 0 runs, 1 hit, 1 error, 1 left on base; St. Louis 1 - Washington 0 |
| TOP OF THE 5TH |
|
St. Louis Cardinals batting - Pitching for Washington Nationals : RHP Jamie Verberkmoes
|
|
Pitching: RHP Cory Jones
|
|
|
Now at SS: Justin Bonner
|
|
|
Now in LF: Jeff Luvisi
|
|
|
Now in CF: Evan Oliveri
|
|
|
Now in RF: Dillon Gonzalez
|
|
|
Batting: SHB Chris Blue
|
0-0: Ball 1-0: Called Strike 1-1: DOUBLE (Flyball, 78D, EV 106.9 MPH)
|
|
Batting: RHB Danny Gallo
|
0-0: Bunted foul 0-1: Bunt - Flyout to 23! F3
|
|
Batting: SHB Luke Robbins
|
0-0: Ball 1-0: Ball 2-0: Called Strike 2-1: Foul Ball, location: 2F 2-2: Hit by Pitch
|
|
Pinch Hitting: SHB Jason Kirby
|
0-0: Ball 1-0: Foul Ball, location: 2F 1-1: Foul Ball, location: 2F 1-2: Foul Ball, location: 2F 1-2: Ball 2-2: Foul Ball, location: 2F 2-2: Ball 3-2: Foul Ball, location: 2F 3-2: Foul Ball, location: 2F 3-2: Fielders Choice at 2nd, 4-6 (Groundball, 4M, EV 87.5 MPH) Chris Blue to third
|
|
Batting: LHB Pat Sutton
|
0-0: Ball 1-0: Foul Ball, location: 2F 1-1: Ball 2-1: Foul Ball, location: 2F 2-2: Strikes out swinging
|
| Top of the 5th over - 0 runs, 1 hit, 0 errors, 2 left on base; St. Louis 1 - Washington 0 |
| BOTTOM OF THE 5TH |
|
Washington Nationals batting - Pitching for St. Louis Cardinals : RHP Parker Warr
|
|
Now at 1B: Fabrice Bertin
|
|
|
Now at 2B: Klaas Meij
|
|
|
Now at 3B: Chris Blue
|
|
|
Now at SS: Jason Kirby
|
|
|
Batting: RHB Antonio Laurel
|
0-0: Fly out, F9 (Flyball, 9D, EV 106.2 MPH)
|
|
Batting: RHB Jon Buscher
|
0-0: Ball 1-0: Called Strike 1-1: Ball 2-1: Called Strike 2-2: Ground out 5-3 (Groundball, 56, EV 86.9 MPH)
|
|
Batting: LHB Jeff Luvisi
|
0-0: Called Strike 0-1: Ball 1-1: Foul Ball, location: 2F 1-2: Ball 2-2: Foul Ball, location: 2F 2-2: SINGLE (Line Drive, 56, EV 96.2 MPH)
|
|
Pinch Hitting: RHB Darren McCarty Jr.
|
0-0: Ball 1-0: Ball 2-0: Swinging Strike 2-1: SINGLE (Groundball, 56D, EV 96.9 MPH) Jeff Luvisi to second
|
|
Pinch Hitting: LHB Seth Cook
|
0-0: Called Strike 0-1: Swinging Strike 0-2: Ball 1-2: SINGLE (Line Drive, 89M, EV 104.4 MPH) Jeff Luvisi to third Darren McCarty Jr. to second Runner from 3rd tries for Home, SAFE, throw by RF to home
|
|
Batting: LHB Dillon Gonzalez
|
0-0: Ball 1-0: Ball 2-0: Foul Ball, location: 2F 2-1: Fly out, F8 (Flyball, 8LM, EV 90.6 MPH)
|
| Bottom of the 5th over - 1 run, 3 hits, 0 errors, 2 left on base; St. Louis 1 - Washington 1 |
| TOP OF THE 6TH |
|
St. Louis Cardinals batting - Pitching for Washington Nationals : RHP Cory Jones
|
|
Now at 2B: Seth Cook
|
|
|
Now at 3B: Darren McCarty Jr.
|
|
|
Batting: SHB Harry Hoop
|
0-0: Swinging Strike 0-1: Called Strike 0-2: Foul Ball, location: 2F 0-2: Ball 1-2: Strikes out swinging
|
|
Batting: RHB Klaas Meij
|
0-0: Called Strike 0-1: Ball 1-1: Ball 2-1: Foul Ball, location: 2F 2-2: Ball 3-2: Foul Ball, location: 2F 3-2: Foul Ball, location: 2F 3-2: Foul Ball, location: 2F 3-2: Strikes out looking
|
|
Pinch Hitting: RHB Melvin Enriquez
|
0-0: Ball 1-0: Ball 2-0: Ball 3-0: Called Strike 3-1: Fly out, F8 (Line Drive, 8LD, EV 95.6 MPH)
|
| Top of the 6th over - 0 runs, 0 hits, 0 errors, 0 left on base; St. Louis 1 - Washington 1 |
| BOTTOM OF THE 6TH |
|
Washington Nationals batting - Pitching for St. Louis Cardinals : RHP Parker Warr
|
|
Pitching: RHP Ray Scifo
|
|
|
Now in LF: Tommy Boudreaux
|
|
|
Now in CF: Danny Gallo
|
|
|
Now in RF: Melvin Enriquez
|
|
|
Batting: RHB Justin Bonner
|
0-0: Called Strike 0-1: Swinging Strike 0-2: Strikes out swinging
|
|
Batting: LHB Evan Oliveri
|
0-0: Ball 1-0: Called Strike 1-1: Ball 2-1: Fly out, F4 (Line Drive, 4, EV 66.2 MPH)
|
|
Batting: LHB Jae-ik Soung
|
0-0: Ball 1-0: Ball 2-0: Ball 3-0: Base on Balls
|
|
Batting: LHB Kyung-jin Cho
|
0-0: Ball 1-0: Ball 2-0: Swinging Strike 2-1: Called Strike 2-2: 2-RUN HOME RUN (Flyball, 7LD, EV 96.9 MPH), Distance : 363 ft
|
|
Batting: RHB Jon Buscher
|
0-0: Ball 1-0: Ball 2-0: Ground out U3 (Groundball, 34S, EV 86.2 MPH)
|
| Bottom of the 6th over - 2 runs, 1 hit, 0 errors, 0 left on base; St. Louis 1 - Washington 3 |
| TOP OF THE 7TH |
|
St. Louis Cardinals batting - Pitching for Washington Nationals : RHP Cory Jones
|
|
Pitching: LHP Kerry Baty
|
|
|
Batting: RHB Joe Alley
|
0-0: Ball 1-0: Foul Ball, location: 2F 1-1: Ball 2-1: Ball 3-1: Called Strike 3-2: SINGLE (Groundball, 4MD, EV 103.1 MPH)
|
|
Pinch Hitting: SHB Antoine Roux
|
0-0: Ball 1-0: SINGLE (Line Drive, 4, EV 94.4 MPH) Joe Alley to second
|
|
Pinch Hitting: RHB Austin Akers
|
0-0: Ball 1-0: Sac Bunt to 13 - play at first, batter OUT! 1-3 Joe Alley to third Antoine Roux to second
|
|
Batting: RHB Fabrice Bertin
|
0-0: Called Strike 0-1: Swinging Strike 0-2: Ball 1-2: Ball 2-2: Ball 3-2: Strikes out looking
|
|
Batting: SHB Jason Kirby
|
0-0: Called Strike 0-1: Called Strike 0-2: Ball 1-2: Ball Wild Pitch! Joe Alley scores Antoine Roux to third 2-2: Ball 3-2: Base on Balls
|
|
Batting: RHB Tommy Boudreaux
|
0-0: Called Strike 0-1: Foul Ball, location: 2F 0-2: Strikes out swinging
|
| Top of the 7th over - 1 run, 2 hits, 0 errors, 2 left on base; St. Louis 2 - Washington 3 |
| BOTTOM OF THE 7TH |
|
Washington Nationals batting - Pitching for St. Louis Cardinals : RHP Ray Scifo
|
|
Pitching: LHP John Grinter
|
|
|
Now at 3B: Antoine Roux
|
|
|
Now in LF: Austin Akers
|
|
|
Now in CF: Tommy Boudreaux
|
|
|
Batting: LHB Jeff Luvisi
|
0-0: Swinging Strike 0-1: Foul Ball, location: 2F 0-2: Foul Ball, location: 2F 0-2: Foul Ball, location: 2F 0-2: Ball 1-2: Strikes out swinging
|
|
Batting: RHB Darren McCarty Jr.
|
0-0: Ball 1-0: Called Strike 1-1: Swinging Strike 1-2: Strikes out swinging
|
|
Batting: LHB Seth Cook
|
0-0: Called Strike 0-1: Ball 1-1: TRIPLE (Flyball, 9LD, EV 102.5 MPH)
|
|
Batting: LHB Dillon Gonzalez
|
0-0: Foul Ball, location: 2F 0-1: Ground out 5-3 (Groundball, 56, EV 94.4 MPH)
|
| Bottom of the 7th over - 0 runs, 1 hit, 0 errors, 1 left on base; St. Louis 2 - Washington 3 |
| TOP OF THE 8TH |
|
St. Louis Cardinals batting - Pitching for Washington Nationals : LHP Kerry Baty
|
|
Pitching: RHP David Sly
|
|
|
Batting: SHB Harry Hoop
|
0-0: Ball 1-0: Ball 2-0: Foul Ball, location: 2F 2-1: Foul Ball, location: 2F 2-2: Foul Ball, location: 2F 2-2: Strikes out swinging
|
|
Pinch Hitting: LHB Billy Guzman
|
0-0: Ball 1-0: Foul Ball, location: 2F 1-1: Called Strike 1-2: Strikes out swinging
|
|
Batting: RHB Melvin Enriquez
|
0-0: Ball 1-0: SINGLE (Line Drive, 7S, EV 108.8 MPH)
|
|
Batting: RHB Joe Alley
|
0-0: Called Strike 0-1: Ball 1-1: Foul Ball, location: 2F 1-2: Ball 2-2: Foul Ball, location: 2F 2-2: Foul Ball, location: 2F 2-2: Ball 3-2: Foul Ball, location: 2F 3-2: Strikes out swinging
|
| Top of the 8th over - 0 runs, 1 hit, 0 errors, 1 left on base; St. Louis 2 - Washington 3 |
| BOTTOM OF THE 8TH |
|
Washington Nationals batting - Pitching for St. Louis Cardinals : LHP John Grinter
|
|
Pitching: RHP Derek White
|
|
|
Now at 2B: Billy Guzman
|
|
|
Batting: RHB Justin Bonner
|
0-0: Called Strike 0-1: Foul Ball, location: 2F 0-2: Strikes out looking
|
|
Batting: LHB Evan Oliveri
|
0-0: Ground out 4-3 (Groundball, 4, EV 76.9 MPH)
|
|
Batting: LHB Jae-ik Soung
|
0-0: Foul Ball, location: 2F 0-1: Ball 1-1: Ball 2-1: Called Strike 2-2: Foul Ball, location: 2F 2-2: Foul Ball, location: 2F 2-2: Ball 3-2: SINGLE (Groundball, 6S, EV 75.0 MPH) (infield hit)
|
|
Batting: LHB Kyung-jin Cho
|
0-0: Ball 1-0: Foul Ball, location: 2F 1-1: Ball 2-1: Called Strike 2-2: Strikes out swinging
|
| Bottom of the 8th over - 0 runs, 1 hit, 0 errors, 1 left on base; St. Louis 2 - Washington 3 |
| TOP OF THE 9TH |
|
St. Louis Cardinals batting - Pitching for Washington Nationals : RHP David Sly
|
|
Pitching: LHP Rafael Silva
|
|
|
Batting: SHB Antoine Roux
|
0-0: Ball 1-0: Ball 2-0: Foul Ball, location: 2F 2-1: Foul Ball, location: 2F 2-2: Strikes out swinging
|
|
Batting: RHB Austin Akers
|
0-0: Foul Ball, location: 2F 0-1: Foul Ball, location: 2F 0-2: Ball 1-2: Strikes out swinging
|
|
Batting: RHB Fabrice Bertin
|
0-0: Ball 1-0: Foul Ball, location: 2F 1-1: Swinging Strike 1-2: Ball 2-2: Hit by Pitch
|
|
Pinch Hitting: RHB Tyler Walker
|
0-0: Called Strike 0-1: Ball 1-1: Swinging Strike 1-2: Strikes out swinging
|
| Top of the 9th over - 0 runs, 0 hits, 0 errors, 1 left on base; St. Louis 2 - Washington 3 |
|